 Seeded DCSS version 0.26.1-2-gb8aa6d0cf2 (webtiles) character file.

Game seed: 18084599616971611927 (custom seed)

10141 delverdan the Fighter (level 11, -22/100 HPs)
             Began as a Minotaur Hunter on Feb 15, 2021.
             Was an Elder of Okawaru.
             Annihilated by Snorg (23 damage)
             ... on level 11 of the Dungeon.
             The game lasted 00:24:25 (13398 turns).

delverdan the Fighter (Minotaur Hunter)            Turns: 13398, Time: 00:24:26

Health: -22/100    AC: 19    Str: 16    XL:     11   Next: 32%
Magic:  7/14       EV: 20    Int: 13    God:    Okawaru [****..]
Gold:   127        SH:  0    Dex: 14    Spells: 10/10 levels left

rFire    + + .     SeeInvis .   O - +10 great mace of Vasafam {freeze, Int+4}
rCold    + . .     Faith    .   (shield currently unavailable)
rNeg     . . .     Spirit   .   w - +6 ring mail of Ogufay {rF+ rC+ rCorr}
rPois    .         Reflect  .   I - +2 hat
rElec    .         Harm     .   N - +0 cloak
rCorr    +         Rampage  .   (no gloves)
Will     .....                  t - +0 pair of boots
Stlth    +++.......             (no amulet)
HPRegen  0.26/turn              m - ring of protection from fire
MPRegen  0.14/turn              c - ring of stealth

@: heroism, finesse
A: retaliatory headbutt, horns 2
a: Renounce Religion, Heroism


You were on level 11 of the Dungeon.
You worshipped Okawaru.
Okawaru was greatly pleased with you.
You visited 2 branches of the dungeon, and saw 12 of its levels.

You collected 780 gold pieces.
You spent 653 gold pieces at shops.

Inventory:

Hand Weapons
 F - the +6 arbalest "Damnation" {damnation}
   (You found it on level 6 of the Dungeon)
 K - a +3 morningstar
 O - the +10 great mace of Vasafam (weapon) {freeze, Int+4}
   (You bought it in a shop on level 9 of the Dungeon)

   It has been specially enchanted to freeze those struck by it, causing extra
   injury to most foes and up to half again as much damage against particularly
   susceptible opponents.
   It can also slow down cold-blooded creatures.
   It affects your intelligence (+4).
Missiles
 d - 33 bolts
Armour
 t - a +0 pair of boots (worn)
 w - the +6 ring mail of Ogufay (worn) {rF+ rC+ rCorr}
   (You bought it in a shop on level 4 of the Dungeon)

   It protects you from fire.
   It protects you from cold.
   It provides partial protection from all sources of acid and corrosion.
 I - a +2 hat (worn)
 N - a +0 cloak (worn)
Jewellery
 c - a ring of stealth (right hand)
 m - a ring of protection from fire (left hand)
Wands
 i - a wand of enslavement (16)
 j - a wand of random effects (34)
 z - a wand of flame (22)
 H - a wand of iceblast (7)
 L - a wand of digging (8)
 P - a wand of paralysis (5)
Scrolls
 b - a scroll of brand weapon {unknown}
 f - a scroll of noise {unknown}
 h - 3 scrolls of enchant weapon {unknown}
 l - 3 scrolls of remove curse
 n - 2 scrolls of blinking {unknown}
 p - 4 scrolls of fog
 q - 3 scrolls of enchant armour {unknown}
 u - 3 scrolls of random uselessness {unknown}
 x - 2 scrolls of amnesia
 y - 3 scrolls of teleportation
 A - 3 scrolls of fear {unknown}
 J - a scroll of vulnerability {unknown}
 M - a scroll of immolation {unknown}
Potions
 a - a potion of heal wounds
 g - 4 potions of flight
 k - 5 potions of curing
 o - 6 potions of degeneration
 r - 4 potions of attraction
 s - a potion of cancellation
 v - 2 potions of haste
 B - a potion of might {unknown}
 C - a potion of magic {unknown}
 D - a potion of brilliance
 E - a potion of invisibility
 G - a potion of resistance


   Skills:
 - Level 10.2(15.2) Fighting
 - Level 10.0(15.0) Crossbows
 - Level 10.1(15.1) Armour
 - Level 10.0(15.0) Dodging
 - Level 0.7(5.7) Stealth
 + Level 5.7 Invocations


You had 10 spell levels left.
You didn't know any spells.
Your spell library contained the following spells:

 Spells                   Type           Power        Failure   Level
 Beastly Appendage        Tmut           0%           43%         1
 Wereblood                Tmut           0%           56%         2
 Spider Form              Tmut/Pois      0%           80%         3
 Cause Fear               Hex            0%           99%         4
 Ice Form                 Ice/Tmut       0%           99%         4
 Blade Hands              Tmut           0%           100%        5
 Silence                  Hex/Air        0%           100%        5
 Yara's Violent Unravell  Hex/Tmut       0%           100%        5
 Discord                  Hex            0%           100%        8


Dungeon Overview and Level Annotations

Branches:
Dungeon (11/15)            Temple (1/1) D:7            Lair (0/6) D:10
    Orc: D:9-12

Altars:
Ashenzari
Cheibriados
Dithmenos
Elyvilon
Fedhas
Gozag
Hepliaklqana
Kikubaaqudgha
Makhleb
Nemelex Xobeh
Okawaru
Qazlal
Ru
Sif Muna
Trog
Uskayaw
Vehumet
Wu Jian
Xom
Yredelemnul
Zin
The Shining One

Shops:
D:4 [   D:6 =   D:9 (

Annotations:
D:11 Psyche, Snorg


Innate Abilities, Weirdness & Mutations

You reflexively headbutt those who attack you in melee.
You have a pair of horns on your head.


Message History

Unknown command.
Unknown command.
You feel much better.
The killer bee completely misses you. x2
The red ugly thing barely misses you. You furiously retaliate!
You headbutt the red ugly thing, but do no damage.
You closely miss the killer bee.
The killer bee is severely wounded.
The killer bee stings you but does no damage.
The two-headed ogre hits you with a +0 giant club.
The two-headed ogre hits you with a +0 giant club!
* * * LOW HITPOINT WARNING * * *
Snorg goes berserk!
The killer bee completely misses you.
You sock the killer bee! You freeze the killer bee.
You kill the killer bee!
Okawaru accepts your kill.
The red ugly thing punches you but does no damage.
The two-headed ogre hits you with a +0 giant club!!
* * * LOW HITPOINT WARNING * * *
The two-headed ogre barely misses you. Snorg bites you!!
You die...

,,,,#.........#....#,,,,,*,,,****
,,,*#...########...#,,,,,***+*,,,
,,,*##+##** ##...#.......,,,,,,
,,,*,,,,,,* #....#.......,,,,,,
,,,*,,,,,,* #....#.......,,,,,,
,,,*,,,,,,* #....#.......,,,,,,
,,,*,,,,,,* #....#.O.....,,,,,,
,,,*,,,,,,* #..)^#.T.....,,,,,,
********+*######@###.......,,,,,,
,,,,,,,,,....o.uTO...†...#*******
,,,,,,,,,........@.......#,,,,,,,
,,,,,,,,,................#,,,,,,,
,,,,,,,,,................#,,,,,,,
,,,,,,,,,................#*******
,,,,,,,**########+####'#...,,,,,*
,,,,,,,+,,,,,,,+,,,,,,.#...,,,,,*
,,,,,,,*,,,,,,,*,,,,,,,*,..,,,,,+


You could see Snorg (berserk), a red ugly thing, a two-headed ogre, Psyche and
an orc.

Vanquished Creatures
  A two-headed ogre (D:7)
  An unseen horror (D:10)
  Pikel (D:7)
  An ugly thing (D:10)
  An oklob plant (D:9)
  Maurice (D:10)
  Joseph (D:8)
  A centaur zombie (D:10)
  Maggie (D:8)
  2 hornets
  6 yaks (D:9)
  Edmund (D:4)
  2 wargs (D:10)
  A sky beast (D:6)
  2 ice beasts
  A phantom (D:7)
  5 orc warriors
  5 ogres
  A necrophage (D:6)
  A black bear (D:9)
  3 centaurs
  A lemure (D:8)
  4 bullfrogs
  5 scorpions
  14 killer bees
  8 wights
  A howler monkey (D:6)
  6 hounds
  A quasit (D:10)
  7 jellies
  2 bullfrog zombies
  11 orc wizards
  8 orc priests
  2 iguanas
  6 worker ants
  4 hound skeletons
  A worker ant zombie (D:11)
  A gnoll (D:2)
  8 adders
  A howler monkey skeleton (D:8)
  2 shadow imps
  5 white imps
  3 ufetubi
  21 oozes
  An adder zombie (D:6)
  3 worms
  4 dart slugs
  6 leopard geckos
  49 orcs
  2 ball pythons
  2 giant cockroaches
  9 goblins
  10 hobgoblins
  14 jackals
  13 kobolds
  4 quokkas
  7 bats
  4 frilled lizards
  A jackal zombie (D:5)
  11 rats
301 creatures vanquished.

Vanquished Creatures (others)
  2 fungi (D:9)
2 creatures vanquished.

Grand Total: 303 creatures vanquished

Notes
Turn   | Place    | Note
-------+----------+-------------------------------------------
     0 | D:1      | delverdan the Minotaur Hunter began the quest for the Orb.
     0 | D:1      | Reached XP level 1. HP: 18/18 MP: 0/0
    49 | D:1      | Reached skill level 5 in Crossbows
    49 | D:1      | Reached XP level 2. HP: 25/25 MP: 1/1
   282 | D:1      | Reached XP level 3. HP: 30/30 MP: 2/2
  1067 | D:2      | Reached XP level 4. HP: 37/37 MP: 3/3
  1427 | D:2      | Found a faded altar of an unknown god.
  1913 | D:3      | Reached XP level 5. HP: 42/42 MP: 4/4
  3181 | D:4      | Noticed Edmund
  3198 | D:4      | Killed Edmund
  3199 | D:4      | Reached XP level 6. HP: 26/50 MP: 5/5
  3480 | D:4      | Found Beoffe's Antique Armour Shop.
  3486 | D:4      | Bought a pearl-encrusted ring mail for 180 gold pieces
  3496 | D:4      | Identified the +6 ring mail of Ogufay {rF+ rC+ rCorr} (You
                  | bought it in a shop on level 4 of the Dungeon)
  3869 | D:4      | Reached XP level 7. HP: 51/56 MP: 6/6
  3907 | D:4      | Found a white marble altar of Elyvilon.
  4089 | D:5      | Entered Level 5 of the Dungeon
  4098 | D:5      | Found a blossoming altar of Fedhas.
  4283 | D:5      | Found a glowing golden altar of the Shining One.
  4286 | D:5      | Found a shimmering blue altar of Sif Muna.
  4286 | D:5      | Found an ancient bone altar of Kikubaaqudgha.
  4288 | D:5      | Found a burning altar of Makhleb.
  4458 | D:5      | Reached skill level 10 in Crossbows
  5127 | D:6      | Found the +6 arbalest "Damnation" {damnation}
  5263 | D:6      | Reached skill level 5 in Fighting
  5295 | D:6      | Reached XP level 8. HP: 64/70 MP: 7/7
  5832 | D:6      | Found Vonlokh's Jewellery Boutique.
  6346 | D:4      | Bought a glowing hat for 140 gold pieces
  6436 | D:7      | Noticed a two-headed ogre
  6446 | D:7      | Killed a two-headed ogre
  6447 | D:7      | Reached skill level 10 in Fighting
  6651 | D:7      | Noticed Pikel
  6652 | D:7      | Reached XP level 9. HP: 85/85 MP: 8/8
  6670 | D:8      | Found a hazy altar of Hepliaklqana.
  6853 | D:8      | Reached skill level 1 in Armour
  7179 | D:7      | Found a staircase to the Ecumenical Temple.
  7193 | Temple   | Entered the Ecumenical Temple
  7668 | Temple   | Became a worshipper of Warmaster Okawaru
  8315 | D:7      | Killed Pikel
  8315 | D:7      | Reached * piety under Okawaru
  8316 | D:7      | Reached skill level 5 in Armour
  8316 | D:7      | Reached skill level 5 in Dodging
  8473 | D:7      | Found a sparkling altar of Nemelex Xobeh.
  8860 | D:7      | Found a hide-covered altar of Uskayaw.
  8905 | D:7      | Found a hide-covered altar of Uskayaw.
  8911 | D:7      | Reached ** piety under Okawaru
  8917 | D:7      | Noticed a +0 hand axe
  8917 | D:7      | Noticed a +0 hand axe
  9413 | D:8      | Noticed Joseph
  9424 | D:8      | Killed Joseph
  9425 | D:8      | Reached XP level 10. HP: 47/93 MP: 9/9
  9725 | D:8      | Noticed Maggie
  9738 | D:8      | Killed Maggie
 10040 | D:8      | Got a spiked helmet
 10046 | D:8      | Identified the cursed -3 helmet "Micytz" {*Corrode rElec
                  | rC+++ Dex+6} (You found it on level 8 of the Dungeon)
 10258 | D:8      | Found a shimmering altar of Xom.
 10470 | D:8      | Reached *** piety under Okawaru
 10496 | D:8      | Received a gift from Okawaru
 10794 | D:9      | Found a stormy altar of Qazlal.
 10964 | D:9      | Found Cuepe's Antique Weapon Emporium.
 11229 | D:9      | Found a hazy altar of Hepliaklqana.
 11437 | D:9      | Found an opulent altar of Gozag.
 11552 | D:9      | Noticed an oklob plant
 11843 | D:9      | Killed an oklob plant
 11843 | D:9      | Reached **** piety under Okawaru
 11844 | D:9      | Reached skill level 10 in Armour
 11897 | D:10     | Entered Level 10 of the Dungeon
 11951 | D:10     | Noticed Maurice
 11966 | D:10     | Killed Maurice
 11967 | D:10     | Reached skill level 10 in Dodging
 12073 | D:9      | Bought an encrusted great mace for 333 gold pieces
 12073 | D:9      | Identified the +10 great mace of Vasafam {freeze, Int+4}
                  | (You bought it in a shop on level 9 of the Dungeon)
 12248 | D:10     | Reached XP level 11. HP: 100/100 MP: 10/10
 12252 | D:10     | Reached skill level 1 in Invocations
 12260 | D:10     | Noticed a purple ugly thing
 12379 | D:10     | Killed a purple ugly thing
 12552 | D:10     | Found a staircase to the Lair.
 12704 | D:10     | Killed an unseen horror
 12704 | D:10     | Reached ***** piety under Okawaru
 12705 | D:10     | Reached skill level 5 in Invocations
 13260 | D:11     | Noticed a cyan ugly thing
 13385 | D:11     | Noticed Snorg
 13386 | D:11     | Noticed a two-headed ogre
 13390 | D:11     | Noticed a red ugly thing
 13393 | D:11     | Noticed Psyche
 13398 | D:11     | HP: 1/100 [two-headed ogre/+0 giant club (20)]
 13398 | D:11     | Annihilated by Snorg

Illustrated notes

Levels and vault maps discovered:
D:1:      onia_arrival_handbag, layout_basic
D:2:      layout_basic, chequers_ecumenical_altar_lobes,
          minmay_increasing_density
D:3:      layout_loops_ring, glass_columns_a, kennysheep_big_empty_room,
          minivault_5, serial_park_tiny_2
D:4:      layout_basic, overflow_temple_1_default, serial_shops, shop,
          uniq_edmund
D:5:      layout_loops_cross, minitemple, fedhas_altar_1, serial_rivers,
          chequers_serial_rivers_small_3, chequers_serial_rivers_marsh,
          chequers_serial_rivers_small_b, chequers_serial_rivers_micro_c,
          grunt_decor_mini_mirrors
D:6:      layout_loops_ring, serial_shops, shop
D:7:      layout_loops_corners, dancing_weapons_uskayaw, kennysheep_mini,
          minmay_temple_entry_mini_moons, basic_altar, nrook_campfire,
          uniq_pikel
D:8:      layout_gridville, kennysheep_little_box, lemuel_altar_in_water,
          uniq_maggie, uniq_joseph
D:9:      lemuel_slime, layout_basic, old_standard_altar,
          grunt_qazlal_sundering, nzn_hepliaklqana_mist_gate, serial_shops,
          nicolae_shop_crystal
D:10:     layout_long_grid, erik_lair_orcish_takeover, uniq_maurice
D:11:     layout_gridville, enter_bailey_8, okawaru_ov_weapons_minmay,
          uniq_psyche, uniq_snorg
Temple:   dpeg_chambers_temple

Skill      XL: |  1  2  3  4  5  6  7  8  9 10 11 |
---------------+----------------------------------+-----
Crossbows      | 5 6 7 8 9 10 | 10.0
Fighting       | 6 10 | 10.2
Armour         | 7 10 | 10.1
Dodging        | 7 10 | 10.0
Invocations    | 5 |  5.7
Stealth        | |  0.7

Action                   |  1- 3 |  4- 6 |  7- 9 | 10-12 || total
-------------------------+-------+-------+-------+-------++-------
Melee: Morningstar       |       |       |   218 |   110 ||   328
       Headbutt          |       |       |    44 |    31 ||    75
       Great mace        |       |       |       |    67 ||    67
 Fire: Hand crossbow     |    74 |   201 |    38 |       ||   313
       Arbalest          |       |       |     8 |    33 ||    41
Invok: Heroism           |       |       |       |     1 ||     1
       Finesse           |       |       |       |     1 ||     1
  Use: Scroll            |       |    10 |     1 |     8 ||    19
       Potion            |       |     2 |     3 |     1 ||     6
 Stab: Distracted        |       |       |     1 |       ||     1
       Sleeping          |       |       |     4 |     6 ||    10
Armor: Leather armour    |       |     3 |       |       ||     3
       Ring mail         |       |    11 |   132 |   105 ||   248
Dodge: Dodged            |    12 |    54 |   270 |   203 ||   539
